 Dungeon Crawl Stone Soup version 0.30.0-29-ga12c61a403 (webtiles) character file.

Game seed: 15174755282798285477

787 qw the Chopper (level 7, -1/43 HPs)
             Began as a Gargoyle Fighter on June 5, 2023.
             Slain by an ogre
             ... wielding a +0 giant club
              (29 damage)
             ... on level 5 of the Dungeon.
             The game lasted 00:02:09 (3277 turns).

qw the Chopper (Gargoyle Fighter)                   Turns: 3277, Time: 00:02:09

Health: -1/43      AC: 16    Str: 22    XL:     7   Next: 87%
Magic:  7/7        EV:  8    Int:  8    God:
Gold:   199        SH:  9    Dex:  9    Spells: 6/6 levels left

rFire   + . .        g - +0 war axe (vamp)
rCold   . . .        c - +0 buckler
rNeg    + . .        l - +0 chain mail
rPois   inf          (no helmet)
rElec   +            b - +1 cloak
rCorr   .            (no gloves)
SInv    .            (no boots)
Will    .....        k - amulet of reflection Stlth
                     (no ring)
HPRegen 0.27/turn    (no ring)
MPRegen 0.10/turn

%: reflection
@: no status effects
A: sickness immunity, AC +4, negative energy resistance 1, electricity
resistance, torment resistance 1, petrification resistance, fire resistance 1,
mutation resistance 1
a: no special abilities


You were on level 5 of the Dungeon.
You visited 1 branch of the dungeon, and saw 5 of its levels.

You collected 199 gold pieces.


Innate Abilities, Weirdness & Mutations

You are immune to sickness and miasma.
Your stone body is resilient. (AC +4)
You are immune to poison.
You resist negative energy. (rN+)
You are resistant to electric shocks. (rElec)
You are resistant to unholy torment.
You are immune to petrification.
Your flesh is heat resistant. (rF+)
You are somewhat resistant to further mutation.


   Skills:
 + Level 4.0 Fighting
 - Level 7.1 Axes
 - Level 3.2 Armour
 - Level 2.4 Dodging
 - Level 3.2 Shields


You had 6 spell levels left.
You didn't know any spells.
Your spell library was empty.

Inventory:

Hand Weapons
 g - a +0 vampiric war axe (weapon)
 n - a +2 flail of protection
Armour
 b - a +1 cloak (worn)
 c - a +0 buckler (worn)
 l - a +0 chain mail (worn)
 m - a +0 pair of gloves
Jewellery
 k - an amulet of reflection (around neck)
Scrolls
 a - a scroll of identify
Potions
 d - a potion of might
 e - a potion of cancellation
 f - a potion of lignification
 h - a potion of mutation
 j - a potion of resistance
 o - a potion of curing
 r - a potion of heal wounds

Dungeon Overview and Level Annotations

Branches:
Dungeon (5/15)
 Temple: D:4-7

Altars:
Ru


Message History

An ogre comes into view. It is wielding a +0 giant club.
The centaur shoots an arrow.
The arrow hits you but does no damage.
The centaur unwields a +0 shortbow.
The centaur hits you.
The centaur kicks you but does no damage.
You hit the centaur.
The centaur is lightly wounded.
The centaur barely misses you.
The centaur kicks you but does no damage.
The centaur hits you but does no damage.
You block the centaur's attack.
You slash the centaur!
The centaur is severely wounded.
You block the centaur's attack. x2; The centaur closely misses you.
The centaur kicks you but does no damage.
You barely miss the centaur.
The centaur is severely wounded.
The centaur hits you. You block the centaur's attack. x2
The centaur kicks you but does no damage.
You slash the centaur!
The centaur is almost dead.
You slash the ogre!
A hound comes into view.
You block the centaur's attack.
The centaur kicks you but does no damage.
The ogre hits you with a +0 giant club!
The hound moves out of view.
You hit the centaur but do no damage.
The centaur is almost dead.
You completely miss the ogre. The centaur closely misses you.
The centaur barely misses you. You block the centaur's attack.
The centaur closely misses you. The ogre hits you with a +0 giant club.
You barely miss the centaur.
The centaur is almost dead.
You hit the ogre but do no damage. You block the centaur's attack. x2
The centaur hits you but does no damage.
The centaur kicks you but does no damage.
The ogre hits you with a +0 giant club!!
Ouch! That really hurt!
You die...

#.[### #..#..
#..#.# #.. .#
#.. .# #.# .#
#.##c#####.
#..@O......
#.##.##.##.
#.##.# #.#.#.#.#
..# #..#
#..##..## ##.##
#...#>... #.##
#......# ##.##
#...... #
##.###...#.#.##.


You could see an ogre and a centaur.

Vanquished Creatures
  Eustachio (D:5)
  2 ogres (D:5)
  2 howler monkeys (D:4)
  A hound (D:5)
  A jelly (D:5)
  2 iguanas (D:4)
  Natasha (thrice) (D:3)
  4 gnolls (D:3)
  6 adders
  2 ufetubi (D:4)
  3 worms
  2 dart slugs (D:1)
  12 orcs
  11 endoplasms
  A giant cockroach (D:4)
  4 goblins
  6 hobgoblins
  11 jackals
  2 quokkas
  5 ball pythons
  5 bats
  2 frilled lizards
  7 kobolds
  10 rats
105 creatures vanquished.

Notes
Turn   | Place    | Note
-------+----------+-------------------------------------------
     0 | D:1      | qw the Gargoyle Fighter began the quest for the Orb.
     0 | D:1      | Reached XP level 1. HP: 14/14 MP: 1/1
     0 | D:1      | 0 ||| qw: Version: 0.2-a-108-gee2c290
     0 | D:1      | 0 ||| qw: Game counter: 1390
     0 | D:1      | 0 ||| qw: Always use a shield: true
     0 | D:1      | 0 ||| qw: God list: Okawaru
     0 | D:1      | 0 ||| qw: Allow faded altars: false
     0 | D:1      | 0 ||| qw: Do Orc after D:15 true
     0 | D:1      | 0 ||| qw: Do second Lair branch before Depths: true
     0 | D:1      | 0 ||| qw: Lair rune preference: random
     0 | D:1      | 0 ||| qw: Plans: Normal, Zot:1-4, Slime:5, God:TSO, Crypt,
                  | Tomb, Abyss, Pan, Hells, Win
     0 | D:1      | 0 ||| PLANNING D:1-11
    45 | D:1      | 45 ||| Stepping ~*~*~tactically~*~*~ (hiding).
    51 | D:1      | Reached skill level 2 in Axes
    61 | D:1      | Reached XP level 2. HP: 19/19 MP: 2/2
    84 | D:1      | 84 ||| Stepping ~*~*~tactically~*~*~ (stealth).
    85 | D:1      | 85 ||| Stepping ~*~*~tactically~*~*~ (stealth).
   223 | D:1      | Found a faded altar of an unknown god.
   249 | D:1      | 249 ||| FLEEEEING.
   250 | D:1      | 250 ||| FLEEEEING.
   251 | D:1      | 251 ||| FLEEEEING.
   252 | D:1      | 252 ||| FLEEEEING.
   253 | D:1      | 253 ||| FLEEEEING.
   254 | D:1      | 254 ||| FLEEEEING.
   255 | D:1      | 255 ||| FLEEEEING.
   256 | D:1      | 256 ||| FLEEEEING.
   259 | D:1      | 259 ||| FLEEEEING.
   260 | D:1      | 260 ||| FLEEEEING.
   261 | D:1      | 261 ||| FLEEEEING.
   262 | D:1      | 262 ||| FLEEEEING.
   286 | D:1      | Reached skill level 3 in Axes
   340 | D:1      | Reached XP level 3. HP: 23/23 MP: 3/3
   425 | D:1      | 425 ||| DROPPING +0 club.
   427 | D:1      | 427 ||| Stepping ~*~*~tactically~*~*~ (stealth).
   650 | D:1      | 650 ||| Stepping ~*~*~tactically~*~*~ (hiding).
   707 | D:1      | 707 ||| Stepping ~*~*~tactically~*~*~ (stealth).
   777 | D:1      | 777 ||| UPGRADING to amulet of reflection.
   782 | D:1      | 782 ||| READING scroll labelled AFOITREOTA.
   783 | D:1      | 783 ||| DRINKING 2 blue potions.
   819 | D:2      | Found a sacrificial altar of Ru.
   904 | D:2      | 904 ||| Stepping ~*~*~tactically~*~*~ (stealth).
   906 | D:2      | 906 ||| Stepping ~*~*~tactically~*~*~ (stealth).
  1029 | D:2      | Reached XP level 4. HP: 26/28 MP: 4/4
  1076 | D:2      | Reached skill level 4 in Axes
  1426 | D:2      | 1426 ||| UPGRADING to +0 chain mail.
  1436 | D:2      | 1436 ||| DROPPING +0 scale mail.
  1437 | D:2      | 1437 ||| READING scroll labelled HITREPS GAISTRUGUCW.
  1438 | D:2      | 1438 ||| READING 2 scrolls labelled YTAULAU SYGH.
  1439 | D:2      | 1439 ||| READING scroll labelled XOUNUOFUME.
  1440 | D:2      | 1440 ||| READING scroll labelled PUNUUSSYUT.
  1441 | D:2      | 1441 ||| READING 3 scrolls of identify.
  1441 | D:2      | 1441 ||| IDENTIFYING clear potion
  1442 | D:2      | 1442 ||| READING 2 scrolls of identify.
  1442 | D:2      | 1442 ||| IDENTIFYING sedimented blue potion
  1443 | D:2      | 1443 ||| DROPPING potion of flight.
  1444 | D:2      | 1444 ||| DROPPING potion of brilliance.
  1445 | D:2      | 1445 ||| DROPPING scroll of poison.
  1453 | D:3      | Noticed Natasha
  1454 | D:3      | 1454 ||| PLANNING SEWER
  1460 | D:3      | HP: 6/28 [Natasha (8)]
  1461 | D:3      | Killed Natasha
  1539 | D:3      | Reached XP level 5. HP: 26/32 MP: 5/5
  1616 | D:3      | Noticed Natasha
  1618 | D:3      | 1618 ||| Stepping ~*~*~tactically~*~*~ (hiding).
  1624 | D:3      | Killed Natasha
  1625 | D:3      | Reached skill level 5 in Axes
  1731 | D:3      | 1731 ||| Stepping ~*~*~tactically~*~*~ (stealth).
  1748 | D:3      | Noticed Natasha
  1756 | D:3      | Killed Natasha
  1761 | D:3      | 1761 ||| Stepping ~*~*~tactically~*~*~ (stealth).
  1784 | D:3      | 1784 ||| Stepping ~*~*~tactically~*~*~ (stealth).
  1814 | D:3      | 1814 ||| Stepping ~*~*~tactically~*~*~ (stealth).
  1819 | D:3      | 1819 ||| Stepping ~*~*~tactically~*~*~ (stealth).
  1951 | D:3      | Reached XP level 6. HP: 38/38 MP: 6/6
  2053 | D:3      | 2053 ||| RIP SEWER
  2054 | D:3      | 2054 ||| PLANNING D:1-11
  2225 | D:3      | 2225 ||| UPGRADING to +1 cloak.
  2230 | D:3      | 2230 ||| DRINKING 2 fizzy blue potions.
  2230 | D:3      | Gained mutation: Your flesh is heat resistant. (rF+)
                  | [potion of mutation]
  2230 | D:3      | Gained mutation: You are somewhat resistant to further
                  | mutation. [potion of mutation]
  2231 | D:3      | 2231 ||| DRINKING 2 puce potions.
  2232 | D:3      | 2232 ||| READING 3 scrolls of identify.
  2232 | D:3      | 2232 ||| IDENTIFYING fuming brown potion
  2233 | D:3      | 2233 ||| READING 2 scrolls of identify.
  2233 | D:3      | 2233 ||| IDENTIFYING viscous orange potion
  2294 | D:4      | 2294 ||| Stepping ~*~*~tactically~*~*~ (stealth).
  2295 | D:4      | 2295 ||| Stepping ~*~*~tactically~*~*~ (stealth).
  2473 | D:4      | 2473 ||| Stepping ~*~*~tactically~*~*~ (stealth).
  2501 | D:4      | 2501 ||| Stepping ~*~*~tactically~*~*~ (stealth).
  2512 | D:4      | 2512 ||| Stepping ~*~*~tactically~*~*~ (stealth).
  2514 | D:4      | 2514 ||| Stepping ~*~*~tactically~*~*~ (hiding).
  2658 | D:4      | 2658 ||| Stepping ~*~*~tactically~*~*~ (stealth).
  2790 | D:4      | Reached skill level 6 in Axes
  2823 | D:4      | 2823 ||| READING scroll labelled TEUGOW VA JYU.
  2824 | D:4      | 2824 ||| DRINKING 2 lumpy orange potions.
  2842 | D:5      | Entered Level 5 of the Dungeon
  2842 | D:5      | Noticed Eustachio
  2851 | D:5      | 2851 ||| STAIRDANCE
  2905 | D:5      | Killed Eustachio
  2906 | D:5      | Reached XP level 7. HP: 43/43 MP: 7/7
  3160 | D:5      | 3160 ||| DROPPING +0 whip.
  3187 | D:5      | Reached skill level 7 in Axes
  3267 | D:5      | 3267 ||| Stepping ~*~*~tactically~*~*~ (hiding).
  3277 | D:5      | Slain by an ogre

Levels and vault maps discovered:
D:1:      matt_arrival_refuge, layout_rooms,
          ebering_ecumenical_altar_sacrificial, serial_forest,
          infiniplex_forest_clump_double, infiniplex_forest_diagonal,
          infiniplex_forest_lined_room_2, infiniplex_forest_3_way, moated_statue
D:2:      layout_basic, basic_altar, nrook_mini_vaults
D:3:      layout_rooms, portal_sewer_entry_d, uniq_natasha
D:4:      layout_basic, dreamdust_princess_corridor, kennysheep_generic_room_2
D:5:      layout_loops_ring, uniq_eustachio

Skill      XL: |  1  2  3  4  5  6  7 |
---------------+----------------------+-----
Axes           | 2 3 4 5 6 7 |  7.1
Fighting       | 4 |  4.0
Dodging        | 2 |  2.4
Armour         | |  3.2
Shields        | |  3.2

Action                     |  1- 3 |  4- 6 |  7- 9 || total
---------------------------+-------+-------+-------++-------
  Melee: War axe           |   106 |   188 |    44 ||   338
    Use: Scroll            |     1 |     9 |       ||    10
         Potion            |     1 |     3 |       ||     4
 Armour: Scale mail        |    42 |     5 |       ||    47
         Chain mail        |       |    66 |    18 ||    84
  Dodge: Dodged            |    42 |    69 |    13 ||   124
  Block: Buckler           |    17 |    96 |    21 ||   134
         Reflection        |       |     2 |       ||     2

Table legend:
 A = Non-vault XP
 B = Vault XP
 C = Vault XP percentage of total XP
 D = Non-vault monster count
 E = Vault monster count
 F = Vault count percentage of total count
                 A         B        C        D         E       F
            +---------+---------+-------+---------+---------+-------
      Total |     877 |     248 |  22.0 |     101 |       4 |   3.8
            +---------+---------+-------+---------+---------+-------
        D:1 |      53 |       0 |   0.0 |      31 |       0 |   0.0
        D:2 |      62 |       0 |   0.0 |      18 |       0 |   0.0
        D:3 |     170 |      50 |  22.7 |      19 |       2 |   9.5
        D:4 |     247 |       2 |   0.8 |      23 |       1 |   4.2
        D:5 |     345 |     196 |  36.2 |      10 |       1 |   9.1
            +---------+---------+-------+---------+---------+-------
